 Dungeon Crawl Stone Soup version 0.19-a0-330-g034cfd4 (webtiles) character file.

573 Lugonue the Skirmisher (level 7, -5/78 HPs)
             Began as an Ogre Skald on May 28, 2016.
             Was a Follower of Makhleb.
             Slain by a centaur zombie (6 damage)
             ... on level 5 of the Dungeon.
             The game lasted 00:15:52 (5206 turns).

Lugonue the Skirmisher (Ogre Skald)                 Turns: 5206, Time: 00:15:54

Health: -5/78      AC:  3    Str: 18    XL:     7   Next: 34%
Magic:  7/12       EV: 10    Int: 11    God:    Makhleb [*.....]
Gold:   149        SH:  0    Dex: 11    Spells: 4 memorised, 3 levels left

rFire  + . .     SeeInvis .     a - +0 mace
rCold  . . .     Gourm    .     b - +0 robe
rNeg   . . .     Faith    .     (no shield)
rPois  .         Spirit   .     (helmet restricted)
rElec  .         Dismiss  .     (no cloak)
rCorr  .         Reflect  .     (gloves unavailable)
SustAt .         Harm     .     (boots unavailable)
MR     +....                    (no amulet)
Stlth  +.........               l - ring of protection from magic
                                i - ring of protection from fire

@: very slightly contaminated, somewhat resistant to hostile enchantments, very
unstealthy
A: unfitting armour, tough skin 1
a: Renounce Religion


You were on level 5 of the Dungeon.
You worshipped Makhleb.
Makhleb was aware of your devotion.
You were not hungry.

You visited 1 branch of the dungeon, and saw 5 of its levels.

You collected 149 gold pieces.

Inventory:

Hand Weapons
 a - a +0 mace (weapon)
Armour
 b - a +0 robe (worn)
 p - a +0 shield
Jewellery
 i - a ring of protection from fire (left hand)
 l - a ring of protection from magic (right hand)
Wands
 s - a wand of confusion (28/48)
Scrolls
 e - 3 scrolls of identify
 h - a scroll of random uselessness
 j - 2 scrolls of enchant armour
 k - a scroll of noise
 m - a scroll of remove curse
Books
 c - a book of Battle

   Spells                             Type                      Level
   a - Infusion                       Charms                       1
   b - Shroud of Golubria             Charms/Translocation         2
   c - Song of Slaying                Charms                       2
   d - Spectral Weapon                Hexes/Charms                 3
   e - Regeneration                   Charms/Necromancy            3
 o - a Fen Folio

   Spells                             Type                      Level
   a - Corpse Rot                     Necromancy                   2
   b - Stone Arrow                    Conjuration/Earth            3
   c - Leda's Liquefaction            Hexes/Earth                  4
   d - Summon Forest                  Summoning/Translocation      5
   e - Hydra Form                     Transmutation                6
   f - Summon Hydra                   Summoning                    7
Comestibles
 d - 4 bread rations
 f - a meat ration


   Skills:
 + Level 7.2 Fighting
 + Level 7.1 Maces & Flails
 - Level 1.3 Dodging
 + Level 3.4 Spellcasting
 - Level 2.3 Charms


You had 3 spell levels left.
You knew the following spells:

 Your Spells              Type           Power        Failure   Level  Hunger
a - Infusion              Chrm           #...         12%         1    #......
b - Shroud of Golubria    Chrm/Tloc      #.........   24%         2    ###....
c - Regeneration          Chrm/Necr      #.........   47%         3    ###....
d - Spectral Weapon       Hex/Chrm       #.......     47%         3    ###....


Dungeon Overview and Level Annotations

Branches:
Dungeon (5/15)
 Temple: D:4-7

Altars:
Ashenzari
Cheibriados
Dithmenos
Makhleb
Nemelex Xobeh

Annotations:
D:4 Crazy Yiuf


Innate Abilities, Weirdness & Mutations

You are too large for most types of armour.
You have tough skin. (AC +1)


Message History

* * * LOW HITPOINT WARNING * * *
You hit the centaur zombie but do no damage.
The centaur zombie hits you.
* * * LOW HITPOINT WARNING * * *
The centaur zombie hits you.
* * * LOW HITPOINT WARNING * * *
You thump the centaur zombie! The centaur zombie hits you.
* * * LOW HITPOINT WARNING * * *
Casting: Shroud of Golubria
Confirm with . or Enter, or press ? or * to list all spells.
Space distorts slightly along a thin shroud covering your body.
The centaur zombie hits you.
* * * LOW HITPOINT WARNING * * *
Your shroud falls apart!
You hit the centaur zombie. The centaur zombie hits you.
* * * LOW HITPOINT WARNING * * *
The centaur zombie hits you but does no damage.
You aren't carrying any potions.
The centaur zombie hits you.
You die...

#....#...## ##########
####......# ###..........
##.....## #.##....<..#
#......# #.##>......#
#####......###.##(......#
....#..........##.......##
....#..######...[........#
.)..#....#####.###..####.
#........!......@Z.(.....#
##.........#.....#.......#
#####.....................
.<†...##..................
..).......................
.....<.........>..........
.......###.#..............
......## #..........o....
......#


You could see an orc (wandering) and a centaur zombie.

Vanquished Creatures
  A big kobold (D:4)
  A scorpion (D:5)
  A hound (D:4)
  2 orc priests (D:5)
  A jelly (D:4)
  An orc wizard (D:4)
  An iguana (D:4)
  3 iron imps (D:3)
  A worker ant (D:5)
  Robin (D:2)
  6 adders
  An ooze (D:1)
  An adder skeleton (D:4)
  2 worms
  A dart slug (D:3)
  A giant gecko (D:2)
  11 orcs
  3 ball pythons
  7 giant cockroaches
  7 goblins (D:2)
  5 hobgoblins
  3 jackals
  4 kobolds
  2 quokkas (D:3)
  6 bats
  4 giant newts
  10 rats
87 creatures vanquished.

Notes
Turn   | Place    | Note
--------------------------------------------------------------
     0 | D:1      | Lugonue the Ogre Skald began the quest for the Orb.
     0 | D:1      | Reached XP level 1. HP: 22/22 MP: 3/3
    95 | D:1      | Reached XP level 2. HP: 27/31 MP: 5/5
   264 | D:2      | Reached XP level 3. HP: 27/37 MP: 7/7
   652 | D:2      | Found a snail-covered altar of Cheibriados.
   828 | D:2      | Noticed Robin
   855 | D:2      | Killed Robin
   855 | D:2      | Reached XP level 4. HP: 9/48 MP: 8/8
  1566 | D:3      | Learned a level 2 spell: Shroud of Golubria
  1570 | D:3      | Found a shadowy altar of Dithmenos.
  1589 | D:3      | Found a shattered altar of Ashenzari.
  2193 | D:3      | Found a burning altar of Makhleb.
  3279 | D:3      | Reached XP level 5. HP: 47/55 MP: 9/9
  3443 | D:3      | Reached skill level 5 in Maces & Flails
  3638 | D:3      | Reached skill level 5 in Fighting
  3913 | D:3      | Became a worshipper of Makhleb the Destroyer
  3988 | D:4      | Found a sparkling altar of Nemelex Xobeh.
  4097 | D:4      | Reached XP level 6. HP: 35/67 MP: 1/10
  4655 | D:4      | Noticed Crazy Yiuf
  4665 | D:4      | Learned a level 3 spell: Regeneration
  4669 | D:4      | Learned a level 3 spell: Spectral Weapon
  4728 | D:5      | Entered Level 5 of the Dungeon
  4734 | D:5      | Reached XP level 7. HP: 58/76 MP: 11/11
  5103 | D:5      | Reached * piety under Makhleb
  5203 | D:5      | HP: 1/78 [centaur zombie (5)]
  5206 | D:5      | Slain by a centaur zombie

Vault maps used:
D:1:      moated_graveyard_arrival, st_stairs_9
D:2:      overflow_temple_1_default, first_bread, minivault_19, uniq_robin
D:3:      demons_altar, nicolae_overflow_crystal_walls,
          grunt_dithmenos_smoke_and_mirrors
D:4:      grunt_ministairs_9, hangedman_abyss_or_decor_passed,
          nemelex_xobeh_ov_fountains_minmay, uniq_crazy_yiuf_cottage
D:5:      tgw_sif, kennysheep_small_spiral

Skill      XL: |  1  2  3  4  5  6  7 |
---------------+----------------------+-----
Fighting       | 3 4 5 6 7 |  7.2
Maces & Flails | 3 4 5 6 7 |  7.1
Spellcasting   | 3 |  3.4
Dodging        | |  1.3
Charms         | |  2.3

Action                   |  1- 3 |  4- 6 |  7- 9 || total
-------------------------+-------+-------+-------++-------
Melee: Mace              |    69 |   283 |    53 ||   405
 Cast: Shroud of Golubri |       |    16 |     4 ||    20
       Infusion          |       |     6 |     1 ||     7
  Use: Potion            |     2 |     2 |       ||     4
       Scroll            |       |     7 |       ||     7
 Stab: Sleeping          |       |     1 |       ||     1
  Eat: Chunk             |       |     7 |     1 ||     8
       Bread ration      |       |     1 |       ||     1
       Pizza             |       |     1 |       ||     1
       Meat ration       |       |       |     1 ||     1
Armor: Robe              |    26 |    77 |     8 ||   111
       Skin              |     5 |     3 |       ||     8
Dodge: Dodged            |    39 |   123 |    30 ||   192
